 Dungeon Crawl Stone Soup version 0.16-a0-465-g631e55c (webtiles) character file.

1077 PolkaDot the Poker (level 8, -8/58 HPs)
             Began as a Vampire Chaos Knight on Sept 16, 2014.
             Was a Plaything of Xom.
             Mangled by an ogre
             ... wielding a +0 giant club
              (15 damage)
             ... on Level 6 of the Dungeon.
             The game lasted 00:21:26 (5137 turns).

PolkaDot the Poker (Vampire Chaos Knight)           Turns: 5137, Time: 00:21:27

HP  -8/58        AC  9     Str 11      XL: 8   Next:  8%
MP   8/8         EV  7     Int 14      God: Xom
Gold 335         SH  0     Dex 15      Spells:  2 memorised,  3 levels left

rFire  . . .     SeeInvis +     o - +5 halberd (flame)
rCold  . . .     Clarity  .     a - +2 scale mail "Ceomaycelo" {Slay+2}
rNeg   . . .     rCorr    .     (no shield)
rPois  .         rRot     .     (no helmet)
rElec  .         Spirit   .     (no cloak)
SustAb .         Warding  .     (no gloves)
rMut   .         Stasis   .     (no boots)
Gourm  .                        (no amulet)
MR     .....                    (no ring)
                                (no ring)

@: regenerating very quickly, not resistant to hostile enchantments, extremely
unstealthy
A: bottle blood, fangs 3, see invisible, unbreathing
a: Bottle Blood, Renounce Religion


You were on level 6 of the Dungeon.
You worshipped Xom.
You were a toy of Xom.
You were almost alive.

You visited 1 branch of the dungeon, and saw 6 of its levels.
You also visited: Sewer.

You collected 335 gold pieces.

Inventory:

Hand weapons
 o - a +5 halberd of flaming (weapon)
Armour
 a - the +2 scale mail "Ceomaycelo" (worn) {Slay+2}
   (You found it in a sewer)

   It affects your accuracy and damage with ranged weapons and melee attacks
   (+2).
Magical devices
 n - a wand of draining (8) {unknown}
Scrolls
 b - 4 scrolls of remove curse
 d - a scroll of blinking
 e - a scroll of enchant armour
 f - 4 scrolls of enchant weapon
 h - a scroll of fear {unknown}
 j - 2 scrolls of identify
 k - 3 scrolls of fog
 l - 2 scrolls of teleportation
 q - a scroll of noise {unknown}
Jewellery
 g - an uncursed amulet of stasis
Potions
 p - 11 potions of blood {@*1}


   Skills:
 - Level 3.2 Fighting
 + Level 6.0 Polearms
 * Level 4.8 Armour
 + Level 4.8 Dodging


You had 3 spell levels left.
You knew the following spells:

 Your Spells              Type           Power        Failure   Level  Hunger
q - Blink                 Tloc           N/A          100%        2    ###....
D - Repel Missiles        Chrm/Air       #.....       100%        2    ###....


Dungeon Overview and Level Annotations

Branches:
Dungeon (6/15)
 Temple: D:4-7

Altars:
Elyvilon
Xom
The Shining One


Innate Abilities, Weirdness & Mutations

Your natural rate of healing is extremely fast.
You can bottle blood from corpses.
You have razor-sharp teeth.
You have supernaturally acute eyesight.
You can survive without breathing.


Message History

An orc skeleton comes into view.
The orc wizard's eyes start to glow.
You hear a distant slurping noise.
The orc closely misses you.
You completely miss the orc.
The orc warrior hits you with a dire flail!
* * * LOW HITPOINT WARNING * * *
The orc hits you with a mace.
* * * LOW HITPOINT WARNING * * *
You slash the orc! You burn the orc.
You kill the orc!
The orc wizard glows brightly for a moment.
The orc warrior closely misses you.
You see here a mace.
Xom's power touches on a nearby monster.
The ogre seems to speed up.
You are now a toy of Xom.
The ogre hits you with a giant club!
You die...
Xom is highly amused!

## ...### ....## #.##>)#######
#.....oooZ).## #########
#####.#####o.#########.......o
#.<...##.@.....#.......?oo
############.o##O.........#######
......######.....##.##.....).###*
.........)....##....########...#*
......#######....................
......#######..##################
#####..........#,, ,,, ,, , , .##
######..#..# ,,, ,,,,,,,,,,,
..###..........# , , , ,,,,,,,


You could see an orc warrior, an ogre, an orc wizard and an orc skeleton.

Vanquished Creatures
  An orc warrior (D:6)
  The ghost of Amnekian the Cudgeler, an average OgFi (D:3)
  Blork the orc (D:6)
  3 giant frogs
  A quasit (D:6)
  A gnoll shaman (D:4)
  A jelly (D:6)
  3 orc priests
  3 worker ants
  3 adders
  4 gnolls (D:4)
  A white imp (D:5)
  6 giant mites
  5 worms
  18 orcs
  15 giant cockroaches
  8 goblins
  10 hobgoblins
  18 jackals
  4 ball pythons
  9 bats
  6 giant geckos
  9 giant newts
  A giant spore (D:6)
  3 goblin zombies (D:5)
  A hobgoblin skeleton (D:4)
  5 hobgoblin zombies (D:5)
  A jackal zombie (D:5)
  15 kobolds
  A kobold skeleton (D:5)
  2 kobold zombies (D:5)
  4 orc skeletons
  2 orc zombies (D:5)
  2 quokkas (D:5)
  11 rats
  A rat skeleton (D:4)
  A ballistomycete (D:6)
181 creatures vanquished.

Vanquished Creatures (collateral kills)
  An ogre (D:5)
  3 gnolls (D:5)
4 creatures vanquished.

Vanquished Creatures (others)
  A kobold zombie (D:2)
1 creature vanquished.

Grand Total: 186 creatures vanquished

Notes
Turn   | Place    | Note
--------------------------------------------------------------
     0 | D:1      | PolkaDot, the Vampire Chaos Knight, began the quest for the Orb.
     0 | D:1      | Reached XP level 1. HP: 17/17 MP: 1/1
   106 | D:1      | XOM: potion effect (brilliance)
   113 | D:1      | Reached skill level 3 in Polearms
   314 | D:1      | Reached XP level 2. HP: 23/23 MP: 2/2
   468 | D:1      | XOM: divination: detect items
   634 | D:2      | XOM: harmless Trmt miscast
   859 | D:2      | XOM is BORED!
   859 | D:2      | XOM: medium Erth miscast
   933 | D:2      | XOM: medium Erth miscast
   950 | D:2      | XOM: divination: magic mapping
  1119 | D:2      | XOM: noise
  1135 | D:2      | Reached XP level 3. HP: 25/28 MP: 3/3
  1207 | D:2      | XOM: god gift: 56 gold pieces
  1220 | D:2      | Reached skill level 4 in Polearms
  1275 | D:2      | HP: 1/28 [worm (7)]
  1606 | D:3      | XOM: harmless Trmt miscast
  1686 | D:3      | Reached XP level 4. HP: 34/34 MP: 4/4
  1709 | D:3      | Found a glowing drain.
  1713 | Sewer    | Entered a sewer
  1887 | Sewer    | Reached skill level 5 in Polearms
  1959 | Sewer    | XOM: god gift: embroidered robe {god gift}
  1970 | Sewer    | Reached skill level 1 in Armour
  2047 | Sewer    | Noticed a giant frog
  2048 | Sewer    | XOM: confusion (+ monsters)
  2049 | Sewer    | XOM: enchant monster (good)
  2062 | Sewer    | XOM: confuse monster(s)
  2075 | Sewer    | Killed a giant frog
  2075 | Sewer    | Reached XP level 5. HP: 38/40 MP: 5/5
  2085 | Sewer    | Got a turquoise-encrusted scale mail
  2096 | Sewer    | Identified the +2 scale mail "Ceomaycelo" {Slay+2} (You found it in a sewer)
  2479 | D:3      | Noticed Amnekian's ghost (average OgFi)
  2483 | D:3      | XOM: blink monster(s)
  2492 | D:3      | Killed Amnekian's ghost
  2492 | D:3      | Reached XP level 6. HP: 24/47 MP: 6/6
  2738 | D:3      | XOM: vitrification
  2903 | D:3      | XOM: colour smoke trail
  3621 | D:4      | XOM: scenery: create altars
  3844 | D:4      | XOM: vitrification
  3899 | D:4      | XOM: vitrification
  3932 | D:5      | Entered Level 5 of the Dungeon
  3974 | D:5      | Found a glowing golden altar of the Shining One.
  4025 | D:5      | Reached XP level 7. HP: 52/52 MP: 7/7
  4254 | D:5      | XOM: noise
  4285 | D:5      | Learned a level 2 spell: Repel Missiles
  4288 | D:5      | Learned a level 2 spell: Blink
  4315 | D:5      | XOM: scenery: create altars
  4577 | D:5      | Found a white marble altar of Elyvilon.
  4618 | D:5      | XOM: chaos upgrade
  4670 | D:6      | HP: 2/52 [orc warrior/dire flail (17)]
  4859 | D:6      | XOM: noise
  4888 | D:6      | Noticed Blork the orc
  4895 | D:6      | Killed Blork the orc
  4895 | D:6      | Reached XP level 8. HP: 53/58 MP: 8/8
  5021 | D:6      | XOM: enchant monster (bad)
  5035 | D:6      | Reached skill level 6 in Polearms
  5110 | D:6      | XOM: divination: magic mapping
  5124 | D:6      | XOM: noise
  5137 | D:6      | XOM: enchant monster (bad)
  5137 | D:6      | Mangled by an ogre

Action                   |  1- 3 |  4- 6 |  7- 9 || total
-------------------------+-------+-------+-------++-------
Melee: Spear             |   173 |    80 |       ||   253
       Halberd           |       |   149 |   122 ||   271
 Abil: Bottle Blood      |       |    13 |    10 ||    23
  Use: Potion            |     1 |     9 |    12 ||    22
       Scroll            |       |     7 |     2 ||     9
 Stab: Paralysed         |     2 |       |       ||     2
       Invisible         |       |     1 |       ||     1
       Distracted        |       |       |     1 ||     1
  Eat: Corpse            |     7 |    11 |       ||    18
